 Dungeon Crawl Stone Soup version 0.29.1-14-g9c671dbff4 (webtiles) character file.

Game seed: 14049564178273198010

32 leafyfresh the Covert (level 3, -2/35 HPs)
             Began as a Gnoll Delver on Feb 15, 2023.
             Killed by divine providence
             ... invoked by an orc priest
              (13 damage)
             ... on level 4 of the Dungeon.
             The game lasted 00:00:51 (215 turns).

leafyfresh the Covert (Gnoll Delver)                 Turns: 215, Time: 00:00:52

Health: -2/35      AC:  3    Str: 11    XL:     3   Next: 25%
Magic:  4/4        EV: 13    Int:  9    God:
Gold:   0          SH:  0    Dex: 15    Spells: 3/3 levels left

rFire   . . .      SeeInvis .   a - +0 short sword
rCold   . . .      Faith    .   (no shield)
rNeg    . . .      Spirit   .   b - +0 leather armour
rPois   .          Reflect  .   (no helmet)
rElec   .          Harm     .   (no cloak)
rCorr   .          Rampage  .   (no gloves)
Will    .....                   (no boots)
Stlth   ++++......              (no amulet)
HPRegen 0.11/turn               (no ring)
MPRegen 0.09/turn               (no ring)

@: no status effects
A: fangs 1, strong nose, distributed training
a: no special abilities


You were on level 4 of the Dungeon.
You visited 1 branch of the dungeon, and saw 2 of its levels.

Inventory:

Hand Weapons
 a - a +0 short sword (weapon)
Armour
 b - a +0 leather armour (worn)
Wands
 g - a wand of digging (3)
Scrolls
 c - a scroll of fog
 d - a scroll of magic mapping
 e - a scroll of fear
 i - a scroll of immolation {unknown}
Potions
 f - a potion of haste
 h - a potion of heal wounds {unknown}
 j - a potion of attraction {unknown}


   Skills:
 + Level 6.5 Fighting
 + Level 4.5 Short Blades
 + Level 0.7 Long Blades
 + Level 0.7 Axes
 + Level 0.7 Maces & Flails
 + Level 0.7 Polearms
 + Level 0.7 Staves
 + Level 0.7 Ranged Weapons
 + Level 0.7 Throwing
 + Level 0.7 Armour
 + Level 4.5 Dodging
 + Level 9.5 Stealth
 + Level 0.7 Shields
 + Level 0.7 Unarmed Combat
 + Level 0.7 Spellcasting
 + Level 0.5 Conjurations
 + Level 0.5 Hexes
 + Level 0.5 Summonings
 + Level 0.5 Necromancy
 + Level 0.5 Translocations
 + Level 0.5 Transmutations
 + Level 0.5 Fire Magic
 + Level 0.5 Ice Magic
 + Level 0.5 Air Magic
 + Level 0.5 Earth Magic
 + Level 0.5 Poison Magic
 + Level 0.9 Invocations
 + Level 0.7 Evocations


You had 3 spell levels left.
You didn't know any spells.
Your spell library contained the following spells:

 Spells                   Type           Power      Damage    Failure   Level
 Conjure Flame            Conj/Fire      1%         6-21      77%         3
 Ignite Poison            Fire/Tmut/Pois 1%         N/A       77%         3
 Sticky Flame             Conj/Fire      1%         2d3       99%         4


Dungeon Overview and Level Annotations

Branches:
Dungeon (5/15)
 Temple: D:4-7

Altars:


Innate Abilities, Weirdness & Mutations

You have very sharp teeth.
Your uncanny sense of smell can sniff out nearby items.
Your experience applies equally to all skills.


Message History

The gnoll closely misses you. The orc barely misses you.
The gnoll closely misses you.
Unknown command.
You hit the orc.
The orc is severely wounded.
The gnoll hits you with a +0 whip! The gnoll closely misses you.
The orc hits you with a +0 dagger.
You closely miss the orc. Your punch misses the orc.
The orc is severely wounded.
The gnoll barely misses you. The orc misses you. The gnoll misses you.
You hit the orc but do no damage.
The orc is severely wounded.
The gnoll misses you. The gnoll barely misses you.
The orc hits you with a +0 dagger.
You hit the orc but do no damage. You bite the orc, but do no damage.
The orc is severely wounded.
You hit the orc.
You kill the orc!
The gnoll hits you with a +0 whip. x2
* * * LOW HITPOINT WARNING * * *
Things that are here:
a +0 dagger; an orc corpse Unknown command.
The gnoll attacks as you move away! The gnoll hits you with a +0 whip.
* * * LOW HITPOINT WARNING * * *
Found 5 stones.
You see here 5 stones.
Found an escape hatch in the floor.
An orc comes into view. It is wielding a +0 club.
Found a fuming black potion.
An orc and an orc priest come into view.
The orc priest shouts!
You hear a shout!
The orc shouts!
The orc shouts!
An orc comes into view. It is wielding a +0 whip.
A scorpion comes into view.
You see here a fuming black potion.
j - a fuming black potion The orc priest invokes the aid of Beogh against you.
Beogh smites you!
You die...

...... .......
...#.## #
##.#. ## .. #
#. #.s .# ...#
# .. ####.#
....#
#..o#.###.>..#
....#
#.o.o..@g.g.#
....
#.o##.###.#.#
####... ..
#.#.###...# #
#.#
#....g....#.#
#
###...S.....#
######g####
#.# #.#######


#.g.g.ggS You could see a scorpion, an orc priest, 2 gnolls and 3 orcs.

Vanquished Creatures
  An iguana (D:5)
  2 orcs
3 creatures vanquished.

Notes
Turn   | Place    | Note
-------+----------+-------------------------------------------
     0 | D:5      | Reached skill level 9 in Stealth
     0 | D:5      | leafyfresh the Gnoll Delver began the quest for the Orb.
     0 | D:5      | Reached XP level 1. HP: 23/23 MP: 1/1
    61 | D:5      | Noticed an iguana
    64 | D:5      | Killed an iguana
    65 | D:5      | Reached XP level 2. HP: 29/29 MP: 1/3
    65 | D:5      | Reached XP level 3. HP: 35/35 MP: 1/4
   214 | D:4      | Noticed a scorpion
   215 | D:4      | Killed from afar by an orc priest

Illustrated notes

Levels and vault maps discovered:
D:4:      layout_loops_ring, nicolae_overflow_hidden_temple,
          minmay_misc_feat_five, grunt_ministairs_15, minmay_misc_feat_x,
          item_on_display_a
D:5:      layout_loops_ring, minmay_temple_entry_arrows, lemuel_flamethrower_2

Skill      XL: | |
---------------+-+-----
Stealth        | |  9.5
Fighting       | |  6.5
Short Blades   | |  4.5
Long Blades    | |  0.7
Axes           | |  0.7
Maces & Flails | |  0.7
Polearms       | |  0.7
Staves         | |  0.7
Ranged Weapons | |  0.7
Throwing       | |  0.7
Armour         | |  0.7
Dodging        | |  4.5
Shields        | |  0.7
Unarmed Combat | |  0.7
Spellcasting   | |  0.7
Conjurations   | |  0.5
Hexes          | |  0.5
Summonings     | |  0.5
Necromancy     | |  0.5
Translocations | |  0.5
Transmutations | |  0.5
Fire Magic     | |  0.5
Ice Magic      | |  0.5
Air Magic      | |  0.5
Earth Magic    | |  0.5
Poison Magic   | |  0.5
Invocations    | |  0.9
Evocations     | |  0.7

Action                   || total
-------------------------++-------
Melee: Short sword       ||    16
       Bite              ||     4
       Punch             ||     1
  Use: Scroll            ||     1
 Stab: Sleeping          ||     2
Dodge: Dodged            ||    17
